 Dungeon Sprint DCSS version 0.27-a0-46-g34d46f0a3f (webtiles) character file.

Game seed: 13182168662194452753

1725 mhtbhm the Basher (level 9, -8/75 HPs)
             Began as a Human Fighter on Jan 7, 2021.
             Was a Priest of Okawaru.
             Mangled by a boulder beetle (54 damage)
             ... in the Dungeon (Sprint IX: "|||||||||||||||||||||||||||||").
             The game lasted 00:01:44 (1034 turns).

mhtbhm the Basher (Human Fighter)                   Turns: 1034, Time: 00:01:44

Health: -8/75      AC: 17    Str: 22    XL:     9   Next: 25%
Magic:  9/9        EV:  8    Int:  9    God:    Okawaru [***...]
Gold:   0          SH: 12    Dex: 16    Spells: 8/8 levels left

rFire    . . .     SeeInvis .   a - +2 morningstar (holy)
rCold    . . .     Faith    .   c - +0 kite shield
rNeg     . . .     Spirit   .   b - +0 plate armour
rPois    .         Reflect  .   (no helmet)
rElec    .         Harm     .   n - +0 cloak
rCorr    .         Rampage  .   (no gloves)
Will     .....     NoTele   +   o - +0 pair of boots
Stlth    ..........             (no amulet)
HPRegen  0.22/turn              p - +3 ring of strength
MPRegen  0.11/turn              q - +3 ring of dexterity

@: no status effects
A: no striking features
a: Renounce Religion, Heroism


You were in the Dungeon.
You worshipped Okawaru.
Okawaru was most pleased with you.
You visited 1 branch

Inventory:

Hand Weapons
 a - a +2 morningstar of holy wrath (weapon)
Armour
 b - a +0 plate armour (worn)
 c - a +0 kite shield (worn)
 n - a +0 cloak (worn)
 o - a +0 pair of boots (worn)
Jewellery
 p - a +3 ring of strength (left hand)
 q - a +3 ring of dexterity (right hand)
Wands
 m - a wand of acid (6)
Scrolls
 j - a scroll of blinking
 k - 3 scrolls of remove curse
 l - 2 scrolls of amnesia
Potions
 d - a potion of might
 e - a potion of invisibility
 f - a potion of heal wounds
 g - a potion of haste
 h - 4 potions of magic
 i - 2 potions of curing


   Skills:
 + Level 8.4 Fighting
 + Level 11.9 Maces & Flails
 + Level 10.1 Armour
 + Level 5.1 Dodging
 + Level 1.9 Stealth
 + Level 8.2 Shields
 + Level 2.0 Evocations


You had 8 spell levels left.
You didn't know any spells.
Your spell library was empty.

Dungeon Overview and Level Annotations

Branches:
Dungeon (1/1)

Altars:
Cheibriados
Dithmenos
Elyvilon
Fedhas
Gozag
Hepliaklqana
Kikubaaqudgha
Makhleb
Nemelex Xobeh
Okawaru
Qazlal
Ru
Sif Muna
Trog
Uskayaw
Vehumet
Wu Jian
Xom
Yredelemnul
Zin
The Shining One
Beogh
Jiyva
Lugonu


Message History

Things that are here:
a +0 flail; a +0 chain mail You completely miss the boulder beetle.
The boulder beetle hits you!
The boulder beetle stops rolling and uncurls.
You puncture the boulder beetle!
The boulder beetle is lightly wounded.
The boulder beetle bites you but does no damage.
You sock the boulder beetle!
The boulder beetle is moderately wounded.
The boulder beetle bites you but does no damage.
You hit the boulder beetle but do no damage.
The boulder beetle is moderately wounded.
The boulder beetle bites you!
You hit the boulder beetle.
The boulder beetle is moderately wounded.
The boulder beetle leaps!
The boulder beetle curls into a ball and begins rolling!
The boulder beetle hits you!!!
Ouch! That really hurt!
You die...

▓+▓
▓.▓
▓.▓
▓.▓
▓.▓
▓.▓
▓B▓
▓@▓
▓.▓
▓.▓
▓.▓
▓.▓
▓)▓
▓)▓
▓'▓
▓(▓


You could see a boulder beetle.

Vanquished Creatures
  A centaur warrior (D)
  A troll (D)
  A slime creature (D)
  2 wyverns (D)
  A yak (D)
  A centaur (D)
  2 hounds (D)
  A jelly (D)
  2 adders (D)
  A shadow imp (D)
  An adder skeleton (D)
  An orc (D)
  2 goblins (D)
  A hobgoblin (D)
  A bat (D)
  A leopard gecko zombie (D)
  A rat (D)
21 creatures vanquished.

Notes
Turn   | Place    | Note
-------+----------+-------------------------------------------
     0 | D        | mhtbhm the Human Fighter began the quest for the Orb.
     0 | D        | Reached XP level 1. HP: 18/18 MP: 1/1
    84 | D        | Noticed a hound
   101 | D        | Killed a hound
   102 | D        | Reached skill level 3 in Maces & Flails
   102 | D        | Reached XP level 2. HP: 14/26 MP: 2/2
   102 | D        | Reached XP level 3. HP: 16/31 MP: 3/3
   121 | D        | Reached skill level 1 in Dodging
   121 | D        | Reached XP level 4. HP: 11/38 MP: 4/4
   129 | D        | Reached skill level 4 in Maces & Flails
   139 | D        | Found a roughly hewn altar of Beogh.
   139 | D        | Found a snail-covered altar of Cheibriados.
   139 | D        | Found a shadowy altar of Dithmenos.
   139 | D        | Found a white marble altar of Elyvilon.
   139 | D        | Found a blossoming altar of Fedhas.
   139 | D        | Found an opulent altar of Gozag.
   140 | D        | Found a hazy altar of Hepliaklqana.
   141 | D        | Found a viscous altar of Jiyva.
   142 | D        | Found an ancient bone altar of Kikubaaqudgha.
   143 | D        | Found a corrupted altar of Lugonu.
   144 | D        | Found a burning altar of Makhleb.
   145 | D        | Found a sparkling altar of Nemelex Xobeh.
   146 | D        | Found an iron altar of Okawaru.
   147 | D        | Found a stormy altar of Qazlal.
   148 | D        | Found a sacrificial altar of Ru.
   149 | D        | Found a shimmering blue altar of Sif Muna.
   150 | D        | Found a bloodstained altar of Trog.
   151 | D        | Found a hide-covered altar of Uskayaw.
   152 | D        | Found a radiant altar of Vehumet.
   153 | D        | Found an ornate altar of the Wu Jian Council.
   154 | D        | Became a worshipper of Warmaster Okawaru
   155 | D        | Found a shimmering altar of Xom.
   156 | D        | Found a basalt altar of Yredelemnul.
   157 | D        | Found a glowing silver altar of Zin.
   483 | D        | Found a glowing golden altar of the Shining One.
   536 | D        | Noticed a wyvern
   536 | D        | Noticed a troll
   536 | D        | Noticed a yak
   536 | D        | Noticed a centaur
   541 | D        | Killed a centaur
   542 | D        | Reached skill level 5 in Fighting
   542 | D        | Reached skill level 5 in Maces & Flails
   542 | D        | Reached skill level 5 in Armour
   542 | D        | Reached skill level 5 in Shields
   542 | D        | Reached XP level 5. HP: 20/44 MP: 5/5
   550 | D        | Killed a yak
   550 | D        | Reached * piety under Okawaru
   551 | D        | Reached skill level 7 in Maces & Flails
   551 | D        | Reached XP level 6. HP: 45/52 MP: 6/6
   552 | D        | Killed a wyvern
   553 | D        | Reached skill level 8 in Maces & Flails
   553 | D        | Reached XP level 7. HP: 52/59 MP: 7/7
   553 | D        | Killed a troll
   553 | D        | Reached ** piety under Okawaru
   554 | D        | Reached skill level 9 in Maces & Flails
   554 | D        | Reached skill level 1 in Stealth
   554 | D        | Reached skill level 1 in Evocations
   690 | D        | Noticed a slime creature
   690 | D        | Noticed a boulder beetle
   690 | D        | Noticed a wyvern
   690 | D        | Noticed a centaur warrior
   705 | D        | Killed a centaur warrior
   705 | D        | Reached *** piety under Okawaru
   706 | D        | Reached skill level 11 in Maces & Flails
   706 | D        | Reached skill level 5 in Dodging
   706 | D        | Reached XP level 8. HP: 39/68 MP: 8/8
   718 | D        | Killed a wyvern
   719 | D        | Reached XP level 9. HP: 19/74 MP: 9/9
   725 | D        | Killed a slime creature
   726 | D        | Reached skill level 10 in Armour
  1034 | D        | Mangled by a boulder beetle

Illustrated notes

Levels and vault maps discovered:
D:        linesprint [early_d, line_temple, items_1, d_10, items_2, lair_1,
          lair_end, items_3, orc_1, orc_end, items_4, d_15, swamp_1, shoals_1,
          snake_1, spider_1, d_20, vaults_1, items_5, swamp_end, shoals_end,
          snake_end, spider_end, vaults_end, d_27, items_6, zot_1, zot_end,
          crypt_end, forest_end, elf_end, slime_end, tomb_end, abyss_end,
          pan_hell_end]

Skill      XL: |  1  2  3  4  5  6  7  8  9 |
---------------+----------------------------+-----
Fighting       | 4 5 6 8 |  8.4
Maces & Flails | 3 5 7 8 11 | 11.9
Armour         | 4 5 7 9 10 | 10.1
Shields        | 4 5 6 7 8 |  8.2
Dodging        | 1 2 3 4 5 |  5.1
Stealth        | 1 |  1.9
Evocations     | 1 2 |  2.0

Action                   |  1- 3 |  4- 6 |  7- 9 || total
-------------------------+-------+-------+-------++-------
Melee: Flail             |    46 |    11 |       ||    57
       Morningstar       |       |    12 |    49 ||    61
Invok: Heroism           |       |       |     1 ||     1
Evoke: Wand              |       |     2 |     2 ||     4
  Use: Potion            |     2 |     2 |     2 ||     6
       Scroll            |       |       |     1 ||     1
Armor: Scale mail        |    23 |     4 |       ||    27
       Plate armour      |       |     8 |    18 ||    26
Dodge: Dodged            |    17 |     6 |    10 ||    33
Block: Kite shield       |    21 |    11 |    18 ||    50

Table legend: (Time is in decaauts)
 A = Elapsed time spent in this place.
 B = Non-inter-level travel time spent in this place.
 C = Inter-level travel time spent in this place.
 D = Time resting spent in this place.
 E = Time spent auto-exploring this place.
 F = Levels seen in this place.
 G = Mean time per level.
                   A        B        C        D        E       F      G
               +--------+--------+--------+--------+--------+-----+--------+
         Total |   1058 |   1058 |      0 |    727 |     69 |   1 | 1058.0 |
       Dungeon |   1058 |   1058 |      0 |    727 |     69 |   1 | 1058.0 |
               +--------+--------+--------+--------+--------+-----+--------+

Top non-repeatable levels by time:
       D: 1058 daAuts
